 Dungeon Crawl Stone Soup version 0.17.2-1-ge4368a0 (webtiles) character file.

3159 Goblin1989 the Arsonist (level 9, -7/45 HPs)
             Began as a Deep Elf Fire Elementalist on Oct 4, 2016.
             Was an Initiate of Vehumet.
             Killed from afar by a steam dragon (18 damage)
             ... with a ball of steam
             ... on level 9 of the Dungeon.
             The game lasted 00:50:42 (8430 turns).

Goblin1989 the Arsonist (DEFE)                      Turns: 8430, Time: 00:50:43

Health: -7/45      AC:  2    Str:  3      XL:     9   Next: 62%
Magic:  18/23      EV: 15    Int: 24      God:    Vehumet [......]
Gold:   263        SH:  0    Dex: 18 (19) Spells: 5 memorised, 8 levels left

rFire  . . .     SeeInvis .     y - +1 dagger (drain)
rCold  . . .     Clarity  .     b - +0 robe
rNeg   . . .     SustAt   .     (no shield)
rPois  +         Gourm    .     h - +0 hat
rElec  .         Spirit   .     (no cloak)
rCorr  .         Warding  .     (no gloves)
rMut   .         Stasis   .     (no boots)
MR     .....                    (no amulet)
Stlth  +.........               a - ring of Jeomul {EV+2 Dex+4 Slay+6 Stlth-}
                                o - ring of poison resistance

@: not resistant to hostile enchantments, very unstealthy
A: deterioration 1, weak 1
a: Renounce Religion


You were on level 9 of the Dungeon.
You worshipped Vehumet.
Vehumet was noncommittal.
You were not hungry.

You visited 2 branches of the dungeon, and saw 10 of its levels.
You also visited: Ossuary.

You collected 263 gold pieces.

Inventory:

Hand Weapons
 y - a +1 dagger of draining (weapon)
Missiles
 Z - 2 throwing nets (quivered)
Armour
 b - a +0 robe (worn)
 h - a +0 hat (worn)
Jewellery
 a - the ring of Jeomul (right hand) {EV+2 Dex+4 Slay+6 Stlth-}
   (You found it on level 8 of the Dungeon)

   [ring of evasion]

   It affects your evasion (+2).
   It affects your dexterity (+4).
   It affects your accuracy and damage with ranged weapons and melee attacks
   (+6).
   It makes you less stealthy.
 d - an uncursed ring of ice
 o - a ring of poison resistance (left hand)
Wands
 P - a wand of paralysis (18)
Scrolls
 e - a scroll of enchant armour {unknown}
 j - 4 scrolls of remove curse {@r2}
 k - a scroll of silence {unknown}
 q - a scroll of fear {unknown}
 s - a scroll of immolation {unknown}
 t - a scroll of fog {unknown}
 u - a scroll of recharging {unknown}
 H - 3 scrolls of amnesia {unknown}
 R - 5 scrolls of identify {@r1}
Potions
 f - a potion of might {unknown}
 g - a potion of lignification {!q}
 i - 5 potions of heal wounds {@q2}
 l - 3 potions of haste {unknown}
 m - 2 potions of invisibility
 n - 2 potions of resistance {unknown}
 p - 3 potions of flight {unknown}
 r - 2 potions of curing {@q1}
 v - 2 potions of brilliance
 x - a potion of degeneration {unknown}
 z - a potion of cure mutation {unknown}
 A - a potion of magic
 B - a potion of cancellation {unknown}
 C - a potion of agility
 D - a potion of poison {unknown}
Comestibles
 c - 10 bread rations
 w - 2 meat rations
 E - 2 chunks of flesh
 F - 2 beef jerkies
 G - 7 slices of pizza


   Skills:
 - Level 2.4 Dodging
 - Level 2.4 Stealth
 + Level 8.4 Spellcasting
 * Level 9.4 Conjurations
 * Level 10.0 Fire Magic


You had 8 spell levels left.
You knew the following spells:

 Your Spells              Type           Power        Failure   Level  Hunger
a - Flame Tongue          Conj/Fire      #####        1%          1    None
b - Inner Flame           Hex/Fire       ####....     2%          3    None
c - Sticky Flame          Conj/Fire      ######..     1%          4    ##.....
d - Fireball              Conj/Fire      ######....   3%          5    ####...
j - Conjure Flame         Conj/Fire      ######..     1%          3    None


Dungeon Overview and Level Annotations

Branches:
Dungeon (9/15)             Temple (1/1) D:7
   Lair: D:8-11         Orc: D:9-12

Altars:
Ashenzari
Cheibriados
Fedhas
Kikubaaqudgha
Nemelex Xobeh
Okawaru
Qazlal
Sif Muna
Trog
Vehumet
Xom
Yredelemnul
The Shining One

Shops:
D:7 }

Annotations:
D:3 exclusion: Ijyb, Ijyb, Natasha, Sigmund
D:4 Grinder
D:6 Dowan, Duvessa
D:8 Maurice


Innate Abilities, Weirdness & Mutations

Your body sometimes deteriorates upon taking damage.
You are weak. (Str -2)


Message History

Casting: Flame Tongue
Confirm with . or Enter, or press ? or * to list all spells.
Aiming: Flame Tongue
Press: ? - help, Shift-Dir - straight line, f/p - steam dragon
Aim: a steam dragon (severely wounded, catching its breath)
The flame tongue hits the steam dragon.
The steam dragon appears unharmed.
The steam dragon is severely wounded.
You are engulfed in a cloud of scalding steam.
* * * LOW HITPOINT WARNING * * *
You take 4 damage, and have 10/45 hp.
You now have 18/23 mp.
Casting: Flame Tongue
Confirm with . or Enter, or press ? or * to list all spells.
Aiming: Flame Tongue
Press: ? - help, Shift-Dir - straight line, f/p - steam dragon
Aim: a steam dragon (severely wounded, catching its breath)
The flame tongue hits the steam dragon.
The steam dragon is almost dead.
The steam dragon breathes steam at you. The ball of steam hits you!
You die...

▲......ਜ..........
ਜ......∆.......ਜ
ਜ......ਜ.......▲
ਜ......ਜ..ਜਜਜਜਜਜ
ਜ......ਜ§.ਜ
ਜਜਜਜਜਜਜਜ..ਜ
.......§§Dਜ
..ਜਜਜਜਜਜ§§ਜ ਜ.@ਜ
ਜ).ਜ ਜ<.ਜ ਜ..ਜ
ਜ..ਜ ਜ..ਜ ਜ..ਜ
ਜ..ਜ ਜ..ਜ


You could see a steam dragon.

Vanquished Creatures
  A troll (D:7)
  A human (D:8)
  2 hippogriffs (D:7)
  A hungry ghost (D:8)
  Menkaure (D:6)
  An orc warrior (D:7)
  The ghost of pedritolo the Sneak, an amateur SpEn (Ossuary)
  A sky beast (D:5)
  A black bear (D:6)
  3 ogres
  An elf zombie (Ossuary)
  A big kobold (D:8)
  A scorpion (D:8)
  2 giant frogs
  3 giant frog zombies
  5 hounds
  A crimson imp (D:5)
  2 centaur zombies
  A quasit (D:7)
  A gnoll shaman (D:5)
  2 human zombies (Ossuary)
  4 jellies
  An orc wizard (D:4)
  A giant frog skeleton (D:5)
  4 sheep (D:8)
  4 iguanas
  6 worker ants
  2 killer bee zombies
  2 mummies (Ossuary)
  A hound skeleton (D:6)
  10 adders
  8 gnolls
  A shadow imp (D:6)
  An ooze (D:7)
  An adder skeleton (D:5)
  2 adder zombies (Ossuary)
  2 worms (D:4)
  3 giant geckos (D:2)
  17 orcs
  5 bats
  5 hobgoblins
  7 quokkas
  4 giant cockroaches
  8 giant newts
  5 goblins
  2 goblin zombies (Ossuary)
  12 hobgoblin zombies (Ossuary)
  5 jackals
  A jackal zombie (D:5)
  10 kobolds
  9 kobold zombies (Ossuary)
  5 orc zombies (Ossuary)
  5 rats
  3 rat zombies (Ossuary)
189 creatures vanquished.

Vanquished Creatures (others)
  A plant (D:7)
1 creature vanquished.

Grand Total: 190 creatures vanquished

Notes
Turn   | Place    | Note
--------------------------------------------------------------
     0 | D:1      | Goblin1989 the Deep Elf Fire Elementalist began the quest for the Orb.
     0 | D:1      | Reached XP level 1. HP: 10/10 MP: 6/6
   210 | D:1      | Reached XP level 2. HP: 15/15 MP: 5/8
  1019 | D:2      | Reached XP level 3. HP: 19/19 MP: 7/10
  1047 | D:2      | Learned a level 3 spell: Conjure Flame
  1111 | D:2      | Found a bloodstained altar of Trog.
  1295 | D:2      | Reached skill level 4 in Fire Magic
  1322 | D:2      | Learned a level 3 spell: Inner Flame
  1389 | D:2      | Reached XP level 4. HP: 24/24 MP: 8/11
  1841 | D:3      | Noticed Ijyb
  1943 | D:3      | Noticed Sigmund
  2203 | D:3      | Noticed Natasha
  2231 | D:4      | Reached XP level 5. HP: 15/28 MP: 5/13
  2306 | D:4      | Found a sand-covered staircase.
  2310 | Ossuary  | Entered an ossuary
  2377 | Ossuary  | Learned a level 4 spell: Sticky Flame
  2387 | Ossuary  | Reached skill level 5 in Fire Magic
  2467 | Ossuary  | Noticed pedritolo's ghost (amateur SpEn)
  2509 | Ossuary  | Killed pedritolo's ghost
  2509 | Ossuary  | Reached XP level 6. HP: 32/32 MP: 6/15
  3028 | Ossuary  | Reached skill level 5 in Spellcasting
  3212 | Ossuary  | Reached skill level 6 in Fire Magic
  3588 | D:4      | Reached skill level 5 in Conjurations
  3588 | D:4      | Reached XP level 7. HP: 36/36 MP: 10/16
  3595 | D:4      | Learned a level 5 spell: Fireball
  3700 | D:4      | Noticed Grinder
  3729 | D:5      | Entered Level 5 of the Dungeon
  3729 | D:5      | Found a deep blue altar of Sif Muna.
  4324 | D:5      | Reached skill level 7 in Fire Magic
  4674 | D:4      | Found a blossoming altar of Fedhas.
  4977 | D:5      | Gained mutation: You are weak. (Str -2) [mutagenic meat]
  4978 | D:5      | Gained mutation: Your body sometimes deteriorates upon taking damage. [mutagenic meat]
  5139 | D:6      | Reached XP level 8. HP: 23/41 MP: 12/19
  5329 | D:6      | Noticed Duvessa
  5329 | D:6      | Noticed Dowan
  5827 | D:6      | Noticed Menkaure
  5829 | D:6      | Killed Menkaure
  5998 | D:6      | Reached skill level 8 in Fire Magic
  6035 | D:6      | Found a glowing golden altar of the Shining One.
  6453 | D:7      | Noticed a troll
  6465 | D:7      | Killed a troll
  6840 | D:7      | Found a staircase to the Ecumenical Temple.
  6848 | Temple   | Entered the Ecumenical Temple
  6857 | Temple   | Became a worshipper of Vehumet
  6912 | D:7      | Reached skill level 9 in Fire Magic
  6912 | D:7      | Reached XP level 9. HP: 39/45 MP: 15/22
  7300 | D:7      | Found Kesob's Gadget Emporium.
  7832 | D:8      | Got a transparent lead ring
  7833 | D:8      | Identified the ring of Jeomul {EV+2 Dex+4 Slay+6 Stlth-} (You found it on level 8 of the Dungeon)
  8346 | D:8      | Noticed Maurice
  8360 | D:9      | Reached skill level 10 in Fire Magic
  8430 | D:9      | Killed from afar by a steam dragon

Action                   |  1- 3 |  4- 6 |  7- 9 || total
-------------------------+-------+-------+-------++-------
Melee: Dagger            |       |    18 |    12 ||    30
       Rapier            |       |       |    39 ||    39
       Long sword        |       |       |    18 ||    18
 Cast: Flame Tongue      |    54 |   151 |   130 ||   335
       Sticky Flame      |       |     6 |    44 ||    50
       Conjure Flame     |       |     1 |     6 ||     7
       Inner Flame       |       |       |     4 ||     4
  Use: Potion            |       |     5 |     2 ||     7
       Scroll            |       |     5 |       ||     5
 Stab: Sleeping          |       |       |     2 ||     2
  Eat: Chunk             |     1 |     3 |    22 ||    26
       Meat ration       |       |     1 |       ||     1

Vault maps used:
D:1:      eino_arrival_water_star
D:2:      lemuel_upstairs_altar, first_bread, trog_butcher_becter
D:3:      grunt_ministairs_14, uniq_terence, uniq_natasha, uniq_sigmund,
          uniq_iyjb
D:4:      lemuel_round_altar, nicolae_ossuary_entry_plus, uniq_grinder
D:5:      lemuel_crystal_altar
D:6:      old_standard_altar, uniq_menkaure, uniq_duvessa
D:7:      minmay_temple_entry_statues_fountains, serial_shops, shop,
          kennysheep_boxes
D:8:      nicolae_gozag_cash_rules_everything_around_me,
          makhleb_altar_promises_db, grunt_dithmenos_smoke, grunt_livestock,
          serial_bayou_pond_a, uniq_maurice
D:9:      lemuel_doored_altar, serial_shops, shop
Temple:   temple_eino_lava_12
Ossuary:  ossuary_tomb_1
